 Dungeon Crawl Stone Soup version 0.26-b1-32-g5d43845318 (webtiles) character file.

Game seed: 2413709325622926049

213 raceaflais the Covert (level 5, 0/41 HPs)
             Began as a Vampire Delver on Jan 5, 2021.
             Slain by a bullfrog zombie (4 damage)
             ... on level 5 of the Dungeon.
             The game lasted 00:04:18 (706 turns).

raceaflais the Covert (Vampire Delver)               Turns: 706, Time: 00:04:18

Health: 0/41       AC:  3    Str: 12    XL:     5   Next: 59%
Magic:  5/5        EV: 12    Int: 13    God:
Gold:   25         SH:  0    Dex: 15    Spells: 4/4 levels left

rFire    . . .     SeeInvis +   a - +0 short sword
rCold    . . .     Faith    .   (no shield)
rNeg     . . .     Spirit   .   b - +0 leather armour
rPois    .         Reflect  .   (no helmet)
rElec    .         Harm     .   (no cloak)
rCorr    .         Rampage  .   (no gloves)
Will     .....                  (no boots)
Stlth    ++++......             (no amulet)
HPRegen  0.33/turn              (no ring)
MPRegen  0.09/turn              (no ring)

@: regenerating quickly
A: fangs 3, see invisible, unbreathing
a: Exsanguinate


You were on level 5 of the Dungeon.
You visited 1 branch of the dungeon, and saw 1 of its levels.

You collected 25 gold pieces.

Inventory:

Hand Weapons
 a - a +0 short sword (weapon)
 f - a +0 shortbow
Missiles
 c - 18 sling bullets
 h - 26 arrows
 j - 41 stones (quivered)
Armour
 b - a +0 leather armour (worn)
Jewellery
 l - a cursed ring of teleportation {unknown}
Wands
 g - a wand of digging (3)
Scrolls
 d - a scroll of magic mapping
 e - a scroll of fear


   Skills:
 + Level 3.3 Fighting
 + Level 3.0 Short Blades
 + Level 1.6 Armour
 + Level 2.5 Dodging
 + Level 9.3 Stealth
 + Level 0.7 Evocations


You had 4 spell levels left.
You didn't know any spells.
Your spell library was empty.

Dungeon Overview and Level Annotations

Branches:
Dungeon (5/15)
 Temple: D:4-7

Altars:


Innate Abilities, Weirdness & Mutations

Your natural rate of healing is unusually fast.
You have razor-sharp teeth.
You have supernaturally acute eyesight. (SInv)
You can survive without breathing.


Message History

The bullfrog zombie is heavily damaged.
The bullfrog zombie barely misses you. The bullfrog zombie hits you.
* * * LOW HITPOINT WARNING * * *
You barely miss the bullfrog zombie.
The bullfrog zombie is heavily damaged.
The bullfrog zombie hits you.
* * * LOW HITPOINT WARNING * * *
The bullfrog zombie hits you.
* * * LOW HITPOINT WARNING * * *
The bullfrog zombie hits you but does no damage.
The bullfrog zombie barely misses you. The bullfrog zombie hits you.
* * * LOW HITPOINT WARNING * * *
The bullfrog zombie barely misses you. The bullfrog zombie hits you.
* * * LOW HITPOINT WARNING * * *
You see here a centaur skeleton.
The bullfrog zombie barely misses you. The bullfrog zombie hits you.
* * * LOW HITPOINT WARNING * * *
The bullfrog zombie hits you.
You die...

......?......###.###########..#
.$.........### #... ##..##
###.......## ###.#######..###
#..####.## .........###. #. #..#
#####....... # ##.##
######....####.. ...###..####
#......######..#
.........รท.#####.###.......<...
.#.#.#.#.#...Z@......#######.##
#.#.#.#.##...###### ##.## #
#.#.#....### ######..#
#.#.#..### ##......## #.#.#..#
#..###### ......## ######.####
...#### #.........###### ##
#...............
#.........######


You could see a bullfrog zombie.

Vanquished Creatures
  A centaur (D:5)
  A bullfrog zombie (D:5)
  An orc priest (D:5)
  An orc wizard (D:5)
  A hound skeleton (D:5)
  A worker ant zombie (D:5)
  A shadow imp (D:5)
  An ufetubus (D:5)
  A dart slug (D:5)
  3 orcs (D:5)
12 creatures vanquished.

Notes
Turn   | Place    | Note
-------+----------+-------------------------------------------
     0 | D:5      | raceaflais the Vampire Delver began the quest for the Orb.
     0 | D:5      | Reached XP level 1. HP: 17/17 MP: 1/1
     8 | D:5      | Noticed a worker ant
    85 | D:5      | Reached XP level 2. HP: 23/23 MP: 2/2
    87 | D:5      | Reached skill level 1 in Armour
    91 | D:5      | Reached XP level 3. HP: 28/28 MP: 3/3
    93 | D:5      | Reached skill level 8 in Stealth
   109 | D:5      | Reached XP level 4. HP: 24/35 MP: 4/4
   352 | D:5      | Noticed a centaur
   363 | D:5      | Killed a centaur
   364 | D:5      | Reached skill level 9 in Stealth
   364 | D:5      | Reached XP level 5. HP: 12/41 MP: 5/5
   706 | D:5      | Slain by a bullfrog zombie

Illustrated notes

Levels and vault maps discovered:
D:5:      layout_rooms, minmay_misc_feat_rows, minmay_tree_intersection

Skill      XL: |  1  2  3  4  5 |
---------------+----------------+-----
Armour         | 1 |  1.6
Stealth        | 8 9 |  9.3
Fighting       | 3 |  3.3
Short Blades   | 3 |  3.0
Dodging        | |  2.5
Evocations     | |  0.7

Action                   |  1- 3 |  4- 6 || total
-------------------------+-------+-------++-------
Melee: Short sword       |    18 |    26 ||    44
       Bite              |     2 |     7 ||     9
Evoke: Wand              |     6 |     5 ||    11
  Use: Scroll            |     2 |       ||     2
       Potion            |     1 |       ||     1
Armor: Leather armour    |     5 |     5 ||    10
Dodge: Dodged            |     9 |    23 ||    32
